 Dungeon Crawl Stone Soup version 0.27-a0-1557-g57f10a385c (webtiles) character file.

Game seed: 4087512584241589659

1997 lunkers the Grappler (level 9, -8/69 HPs)
             Began as a Ghoul Warper on July 15, 2021.
             Was an Initiate of Cheibriados.
             Mangled by a gnoll sergeant (9 damage)
             ... on level 6 of the Dungeon.
             The game lasted 00:08:53 (7741 turns).

lunkers the Grappler (Ghoul Warper)                 Turns: 7741, Time: 00:08:54

Health: -8/69      AC:  7    Str: 19    XL:     9   Next: 21%
Magic:  11/11      EV: 11    Int:  9    God:    Cheibriados [......]
Gold:   309        SH:  4    Dex:  9    Spells: 11/11 levels left

rFire    . . .     SeeInvis +     - Unarmed
rCold    + . .     Faith    .   a - +0 buckler
rNeg     + + +     Spirit   .   w - +3 leather armour
rPois    ∞         Reflect  .   i - +0 helmet
rElec    .         Harm     .   (no cloak)
rCorr    .         Rampage  .   (no gloves)
Will     .....                  (no boots)
Stlth    +.........             (no amulet)
HPRegen  0.00/turn              k - ring of see invisible
MPRegen  0.12/turn              f - ring of flight

@: flying, slowed, very slow
A: claws 1, cold resistance 1, negative energy resistance 3, inhibited
regeneration, torment resistance 2
a: Renounce Religion, Bend Time


You were on level 6 of the Dungeon.
You worshipped Cheibriados.
Cheibriados was noncommittal.
You visited 2 branches of the dungeon, and saw 7 of its levels.

You collected 309 gold pieces.

Inventory:

Missiles
 c - 4 boomerangs of dispersal
 h - 119 stones (quivered)
 j - 2 throwing nets
Armour
 a - a +0 buckler (worn)
 i - a +0 helmet (worn)
 w - a +3 leather armour (worn)
Jewellery
 f - a ring of flight (right claw)
 k - a ring of see invisible (left claw)
 m - a ring of protection from cold
 p - a ring of magical power
 x - a +6 ring of intelligence
Wands
 d - a wand of iceblast (6)
 t - a wand of polymorph (16)
Scrolls
 b - a scroll of blinking
 e - 6 scrolls of identify
 g - 3 scrolls of noise
 l - a scroll of enchant weapon {unknown}
 o - a scroll of summoning
 r - 2 scrolls of fear {unknown}
Potions
 n - a potion of berserk rage
 q - a potion of mutation {unknown}
 s - a potion of brilliance {unknown}
 u - a potion of might {unknown}
 v - a potion of heal wounds {unknown}


   Skills:
 - Level 3.0 Fighting
 - Level 0.8 Throwing
 - Level 0.8 Armour
 - Level 1.7 Dodging
 + Level 2.4 Shields
 * Level 11.3 Unarmed Combat
 - Level 1.7 Spellcasting
 - Level 2.6 Translocations
 * Level 4.4 Invocations


You had 11 spell levels left.
You didn't know any spells.
Your spell library contained the following spells:

 Spells                   Type           Power      Damage    Failure   Level
 Blink                    Tloc           N/A        N/A       26%         2
 Foxfire                  Conj/Fire      0%         2x1d4     45%         1
 Sting                    Tmut/Pois      0%         1d3       45%         1
 Summon Small Mammal      Summ           0%         N/A       45%         1
 Gell's Gravitas          Tloc           2%         N/A       45%         3
 Lesser Beckoning         Tloc           2%         N/A       45%         3
 Teleport Other           Tloc           5%         N/A       45%         3
 Call Imp                 Summ           0%         N/A       58%         2
 Poisonous Vapours        Pois/Air       0%         N/A       58%         2
 Call Canine Familiar     Summ           0%         N/A       83%         3
 Conjure Flame            Conj/Fire      0%         6-21      83%         3
 Ignite Poison            Fire/Tmut/Pois 0%         N/A       83%         3
 Summon Guardian Golem    Hex/Summ       0%         N/A       83%         3
 Olgreb's Toxic Radiance  Pois           0%         N/A       99%         4
 Sticky Flame             Conj/Fire      0%         2d3       99%         4
 Manifold Assault         Tloc           5%         N/A       99%         5
 Summon Forest            Summ/Tloc      1%         N/A       100%        5


Dungeon Overview and Level Annotations

Branches:
Dungeon (6/15)             Temple (1/1) D:5

Altars:
Ashenzari
Cheibriados
Dithmenos
Elyvilon
Fedhas
Gozag
Hepliaklqana
Kikubaaqudgha
Makhleb
Nemelex Xobeh
Okawaru
Qazlal
Ru
Sif Muna
Trog
Uskayaw
Vehumet
Wu Jian
Xom
Yredelemnul
Zin
The Shining One


Innate Abilities, Weirdness & Mutations

You thrive by killing the living.
You are immune to poison.
You have sharp fingernails.
Your flesh is cold resistant. (rC+)
You are immune to negative energy. (rN+++)
You do not regenerate when monsters are visible.
You are immune to unholy pain and torment.


Message History

You closely miss the adder. The adder bites you.
* * * LOW HITPOINT WARNING * * *
The gnoll sergeant hits you from afar with a +1 spear of flaming.
* * * LOW HITPOINT WARNING * * *
The gnoll sergeant burns you.
* * * LOW HITPOINT WARNING * * *
The adder bites you but does no damage.
You barely miss the adder.
The gnoll sergeant hits you from afar with a +1 spear of flaming!
* * * LOW HITPOINT WARNING * * *
The gnoll sergeant burns you.
* * * LOW HITPOINT WARNING * * *
The adder bites you but does no damage. You block the gnoll sergeant's attack.
You miss the adder. You block the adder's attack. The adder bites you.
* * * LOW HITPOINT WARNING * * *
The gnoll sergeant hits you from afar with a +1 spear of flaming!
* * * LOW HITPOINT WARNING * * *
The gnoll sergeant burns you.
* * * LOW HITPOINT WARNING * * *
Okay, then.
As you read the scroll labelled COTA HOONAUXUST, it crumbles to dust.
It is a scroll of identify.
n - a potion of berserk rage You block the adder's attack.
The gnoll sergeant hits you but does no damage.
The adder closely misses you.
Okay, then.
As you read the scroll labelled BUFABO OQUTU, it crumbles to dust.
You hear a loud clanging noise!
It was a scroll of noise.
The adder barely misses you.
The gnoll sergeant hits you from afar with a +1 spear of flaming!
* * * LOW HITPOINT WARNING * * *
The gnoll sergeant burns you.
* * * LOW HITPOINT WARNING * * *
The adder bites you but does no damage. You block the gnoll sergeant's attack.
As you read the scroll labelled PUOSUT ABRARHAWIY, it crumbles to dust.
Wisps of shadow whirl around you...
It was a scroll of summoning.
The adder closely misses you.
The gnoll sergeant hits you from afar with a +1 spear of flaming!
You die...

†.....#...# #........# #.#
#######...####........#####.#
............................#
#######.######........#######
#.# #..###....# #.#
#.##.##.### #.#####.#J5.'.#
#.......##.##.###
##...#####@#....## #..##
#S#####.## #..#...Yg#)...##.#
#..#[.?Z##.....#.#
#..##..###.....#.#
#...####.'.....#.#
#........##.)[##.#
##........#####.##
#########.....##


You could see a gnoll sergeant, an adder (ally target), a howler monkey
skeleton, a friendly jelly (summoned) and a friendly ufetubus (summoned).

Vanquished Creatures
  Grinder (D:3)
  A wraith (D:6)
  A vampire (D:6)
  An orc warrior (D:6)
  A sky beast (D:5)
  An ogre (D:6)
  2 centaurs
  A phantom (D:5)
  A bullfrog (D:6)
  A scorpion (D:6)
  A wyvern skeleton (D:6)
  A water moccasin skeleton (D:4)
  A howler monkey (D:5)
  3 bullfrog zombies
  A centaur zombie (D:4)
  2 jellies (D:5)
  A hound (D:4)
  An orc priest (D:3)
  3 bullfrog skeletons
  2 iguanas
  An orc wizard (D:3)
  A hound zombie (D:5)
  A hound skeleton (D:5)
  Robin (D:2)
  5 gnolls
  3 howler monkey skeletons
  10 adders
  An ufetubus (D:4)
  2 worms (D:2)
  6 dart slugs
  14 orcs
  4 endoplasms
  10 goblins
  7 hobgoblins
  8 jackals
  7 kobolds
  3 quokkas
  4 ball pythons
  3 bats
  5 frilled lizards
  2 rats
125 creatures vanquished.

Notes
Turn   | Place    | Note
-------+----------+-------------------------------------------
     0 | D:1      | lunkers the Ghoul Warper began the quest for the Orb.
     0 | D:1      | Reached XP level 1. HP: 17/17 MP: 2/2
   205 | D:1      | Reached XP level 2. HP: 22/24 MP: 3/3
   214 | D:1      | Reached skill level 3 in Unarmed Combat
   371 | D:1      | Found a faded altar of an unknown god.
   388 | D:1      | Got the Collected Works on the Escort and Flames
   554 | D:1      | Reached XP level 3. HP: 13/29 MP: 4/4
   828 | D:1      | Reached skill level 4 in Unarmed Combat
  1784 | D:2      | Noticed Robin
  1790 | D:2      | Reached XP level 4. HP: 36/36 MP: 5/5
  1798 | D:2      | Killed Robin
  2236 | D:2      | Reached skill level 5 in Unarmed Combat
  2637 | D:2      | Reached XP level 5. HP: 19/41 MP: 6/6
  3261 | D:3      | Noticed Grinder
  3285 | D:3      | Reached skill level 6 in Unarmed Combat
  3309 | D:3      | Killed Grinder
  3310 | D:3      | Reached skill level 7 in Unarmed Combat
  3310 | D:3      | Reached XP level 6. HP: 9/48 MP: 7/7
  3312 | D:3      | HP: 2/48 [something/magic dart (4)]
  4000 | D:3      | Found a hazy altar of Hepliaklqana.
  4220 | D:4      | Reached skill level 8 in Unarmed Combat
  4220 | D:4      | Reached XP level 7. HP: 55/55 MP: 8/8
  4928 | D:4      | Reached skill level 9 in Unarmed Combat
  5097 | D:5      | Entered Level 5 of the Dungeon
  5378 | D:5      | Reached XP level 8. HP: 59/61 MP: 9/9
  5399 | D:5      | Reached skill level 10 in Unarmed Combat
  6195 | D:5      | Found a staircase to the Ecumenical Temple.
  6435 | Temple   | Entered the Ecumenical Temple
  6515 | Temple   | Became a worshipper of Cheibriados the Contemplative
  6960 | D:6      | Reached skill level 1 in Invocations
  7278 | D:6      | Reached skill level 1 in Shields
  7333 | D:6      | Noticed a vampire
  7365 | D:6      | Killed a vampire
  7366 | D:6      | Reached skill level 11 in Unarmed Combat
  7367 | D:6      | Reached XP level 9. HP: 18/69 MP: 10/10
  7740 | D:6      | HP: 3/69 [gnoll sergeant (9)]
  7740 | D:6      | HP: 1/69 [gnoll sergeant (2)]
  7741 | D:6      | Mangled by a gnoll sergeant

Illustrated notes

Levels and vault maps discovered:
D:1:      dpeg_arrival_more_subterranean_lakeside_camping, layout_loops_ring,
          hellmonk_ecumenical_altar_pennies_from_heaven
D:2:      layout_basic, minivault_26, uniq_robin
D:3:      layout_loops_ring, marbit_many_paths, uniq_grinder
D:4:      minmay_chambers_of_twos, layout_basic, minmay_misc_feat_x,
          grunt_ministairs_5
D:5:      layout_gridville, minmay_temple_entry_nine_rooms
D:6:      layout_basic, minmay_joined_circles
Temple:   grunt_wide_crystal_templ

Skill      XL: |  1  2  3  4  5  6  7  8  9 |
---------------+----------------------------+-----
Unarmed Combat | 3 4 5 7 8 9 11 | 11.3
Fighting       | 3 |  3.0
Invocations    | 3 4 |  4.4
Shields        | 1 2 |  2.4
Throwing       | |  0.8
Armour         | |  0.8
Dodging        | |  1.7
Spellcasting   | |  1.7
Translocations | |  2.6

Action                   |  1- 3 |  4- 6 |  7- 9 || total
-------------------------+-------+-------+-------++-------
Melee: Unarmed           |   109 |   133 |   246 ||   488
       Punch             |     3 |     1 |     6 ||    10
Throw: Stone             |    16 |    51 |    71 ||   138
       Boomerang         |       |     1 |       ||     1
  Use: Potion            |       |     2 |       ||     2
       Scroll            |       |     1 |     3 ||     4
Armor: Leather armour    |    21 |    20 |    28 ||    69
       Ring mail         |       |       |    30 ||    30
Dodge: Dodged            |    62 |    44 |   118 ||   224
Block: Buckler           |       |       |     9 ||     9

Table legend: (Time is in decaauts)
 A = Elapsed time spent in this place.
 B = Non-inter-level travel time spent in this place.
 C = Inter-level travel time spent in this place.
 D = Time resting spent in this place.
 E = Time spent auto-exploring this place.
 F = Levels seen in this place.
 G = Mean time per level.
                   A        B        C        D        E       F      G
               +--------+--------+--------+--------+--------+-----+--------+
         Total |   7837 |   7368 |    469 |    398 |   5867 |   7 | 1119.6 |
       Dungeon |   7740 |   7312 |    428 |    398 |   5812 |   6 | 1290.0 |
        Temple |     96 |     56 |     40 |      0 |     55 |   1 |   96.0 |
               +--------+--------+--------+--------+--------+-----+--------+

Top non-repeatable levels by time:
     D:2: 2274 daAuts
     D:5: 1508 daAuts
     D:1: 1197 daAuts
     D:6: 1102 daAuts
     D:4: 961 daAuts
     D:3: 697 daAuts
  Temple: 96 daAuts
